 Dungeon Crawl Stone Soup version 0.28.0-45-g0d030f2227 (webtiles) character file.

Game seed: 13757307069966903953

564 NinjaNoafa the Insei (level 7, -2/57 HPs)
             Began as a Purple Draconian Transmuter on Apr 6, 2022.
             Was an Initiate of Okawaru.
             Slain by Crazy Yiuf
             ... wielding a +4 quarterstaff of chaos
              (4 damage)
             ... on level 4 of the Dungeon.
             The game lasted 00:11:39 (4134 turns).

NinjaNoafa the Insei (Purple Draconian Transmuter)  Turns: 4134, Time: 00:11:40

Health: -2/57      AC:  7    Str: 10 (12) XL:     7   Next: 10%
Magic:  13/13      EV: 13    Int: 12 (15) God:    Okawaru [......]
Gold:   186        SH:  5    Dex: 17 (18) Spells: 11/14 levels left

rFire   . . .      SeeInvis .     - Unarmed
rCold   . . .      Faith    .   (no shield)
rNeg    . . .      Spirit   .   (armour unavailable)
rPois   .          Reflect  +   (helmet currently unavailable)
rElec   .          Harm     .   (no cloak)
rCorr   .          Rampage  .   d - +0 pair of gloves
Will    +....                   (boots currently unavailable)
Stlth   ++........              o - amulet of reflection
HPRegen 0.19/turn               j - +6 ring of dexterity
MPRegen 0.13/turn               (no ring)

@: lethally poisoned (-2 -> -13), appendages
A: horns 2, talons 2, breathe power, AC +6, unfitting armour, cold-blooded
a: Breathe Dispelling Energy, End Transformation, Renounce Religion


You were on level 4 of the Dungeon.
You worshipped Okawaru.
Okawaru was noncommittal.
You had temporarily grown beastly horns and talons.
You visited 1 branch of the dungeon, and saw 4 of its levels.

You collected 186 gold pieces.

Inventory:

Missiles
 f - 107 stones
 g - 3 silver boomerangs
 p - 5 poisoned darts
Armour
 d - a +0 pair of gloves (worn)
 i - a +0 pair of boots (melded)
Jewellery
 j - a +6 ring of dexterity (left hand)
 o - an amulet of reflection (around neck)
Scrolls
 a - 5 scrolls of identify {unknown}
 b - a scroll of teleportation {unknown}
 c - a scroll of immolation {unknown}
 e - a scroll of enchant armour {unknown}
 k - a scroll of magic mapping {unknown}
 l - a scroll of enchant weapon {unknown}
 m - a scroll of noise {unknown}
 n - a scroll of fog {unknown}
Potions
 h - 2 potions of attraction
 r - a potion of might {unknown}


   Skills:
 + Level 3.1 Fighting
 + Level 2.9 Dodging
 - Level 2.0 Stealth
 + Level 4.5 Unarmed Combat
 + Level 4.3 Spellcasting
 + Level 3.6 Transmutations
 * Level 2.0 Invocations


You had 11 spell levels left.
You knew the following spells:

 Your Spells              Type           Power      Damage    Failure   Level
a - Beastly Appendage     Tmut           22%        N/A       4%          1
b - Wereblood             Tmut           11%        N/A       8%          2

Your spell library contained the following spells:

 Spells                   Type           Power      Damage    Failure   Level
 Spider Form              Tmut/Pois      6%         N/A       30%         3
 Ice Form                 Ice/Tmut       6%         N/A       71%         4
 Anguish                  Hex/Necr       1%         N/A       91%         4
 Enfeeble                 Hex            1%         N/A       100%        7
 Tukima's Dance           Hex            Unusable   N/A       N/A         3

Dungeon Overview and Level Annotations

Branches:
Dungeon (4/15)
 Temple: D:4-7

Altars:
Kikubaaqudgha
Okawaru
Trog

Shops:
D:3 *

Annotations:
D:4 Crazy Yiuf


Innate Abilities, Weirdness & Mutations

You have temporarily grown beastly horns and talons.
You can breathe bolts of dispelling energy.
Your rich purple scales are hard. (AC +6)
You cannot fit into any form of body armour.
You are cold-blooded and may be slowed by cold attacks.


Message History

You grow a pair of large bovine horns.
Your feet morph into talons.
Your +0 pair of boots melds into your body.
You open the door.
Crazy Yiuf shouts!
Crazy Yiuf says, "Snower!
Buddy sizzlefizz tea."
There is an open translucent door here.
You hit Crazy Yiuf but do no damage. You claw Crazy Yiuf.
Crazy Yiuf is lightly wounded.
Crazy Yiuf hits you with a +4 quarterstaff of chaos!
You are poisoned.
You closely miss Crazy Yiuf.
Crazy Yiuf is lightly wounded.
You feel very sick.
You closely miss Crazy Yiuf.
You headbutt Crazy Yiuf, but do no damage.
Crazy Yiuf is lightly wounded.
You feel sick.
Crazy Yiuf yells, "Earwax blue dark!"
Crazy Yiuf misses you.
You hit Crazy Yiuf. Your headbutt misses Crazy Yiuf. You tail-slap Crazy Yiuf.
Crazy Yiuf is heavily wounded.
You feel sick.
Crazy Yiuf hits you with a +4 quarterstaff of chaos.
You are more poisoned.
You hit Crazy Yiuf. You claw Crazy Yiuf.
You tail-slap Crazy Yiuf, but do no damage.
Crazy Yiuf is almost dead.
You feel very sick.
Crazy Yiuf hits you with a +4 quarterstaff of chaos!
Crazy Yiuf burns you.
* * * LOW HITPOINT WARNING * * *
It was a potion of degeneration.
There was something very wrong with that liquid.
You feel weakened.
You feel dopey.
You feel clumsy.
* * * LOW HITPOINT WARNING * * *
You feel very sick.
Crazy Yiuf hits you with a +4 quarterstaff of chaos!
* * * LOW HITPOINT WARNING * * *
Crazy Yiuf burns you.
You die...

#+##.##....#.......#########
#....#.<...#...............#
#....#.....#.......#######.#
'..[.#....########## #.#
####+##...# #.# #....##...#
#.## >....#....# ####
♣♣##..# .....#....# #)..#♣♣
♣♣.....# .....#....#
#..g@.♣♣♣♣......#
.....#....#
#...#♣..♣......##
.....#....# #### ♣♣♣.♣....##
#....##...# ♣♣♣♣♣###
###'###...# +....##...##
#....##....# #..........##
#....##.....#


You could see Crazy Yiuf.

Vanquished Creatures
  A black bear (D:2)
  An ogre (D:4)
  A phantom (D:2)
  A bullfrog (D:4)
  A scorpion (D:4)
  An orc priest (D:3)
  A hound skeleton (D:4)
  A gnoll (D:1)
  3 adders
  An adder skeleton (D:3)
  3 worms
  3 dart slugs
  8 orcs
  4 bats
  7 endoplasms
  9 giant cockroaches
  10 goblins
  6 hobgoblins
  3 jackals
  2 quokkas (D:3)
  12 ball pythons
  7 frilled lizards
  8 kobolds
  5 rats
99 creatures vanquished.

Notes
Turn   | Place    | Note
-------+----------+-------------------------------------------
     0 | D:1      | NinjaNoafa the Draconian Transmuter began the quest for the
                  | Orb.
     0 | D:1      | Reached XP level 1. HP: 16/16 MP: 3/3
   251 | D:1      | Reached XP level 2. HP: 22/23 MP: 1/5
   627 | D:1      | Reached XP level 3. HP: 28/28 MP: 6/6
  1358 | D:2      | Found a faded altar of an unknown god.
  1598 | D:2      | Noticed a black bear
  1615 | D:2      | Killed a black bear
  1616 | D:2      | Reached XP level 4. HP: 23/36 MP: 5/8
  1616 | D:2      | Reached XP level 5. HP: 26/41 MP: 5/9
  1682 | D:2      | Learned a level 2 spell: Wereblood
  1829 | D:2      | Noticed a phantom
  1842 | D:2      | Killed a phantom
  1843 | D:2      | Reached skill level 1 in Stealth
  1995 | D:2      | Found a bloodstained altar of Trog.
  2346 | D:3      | Reached XP level 6. HP: 17/50 MP: 7/10
  2350 | D:3      | Found an iron altar of Okawaru.
  2361 | D:3      | Became a worshipper of Warmaster Okawaru
  2671 | D:3      | Found Posileipn's General Store.
  3092 | D:3      | Found an ancient bone altar of Kikubaaqudgha.
  3732 | D:4      | Reached skill level 1 in Invocations
  3736 | D:4      | Your scales start taking on a rich purple colour.
  3736 | D:4      | Reached XP level 7. HP: 29/57 MP: 11/13
  4122 | D:4      | Found a runed translucent door.
  4123 | D:4      | Noticed Crazy Yiuf
  4134 | D:4      | HP: 2/57 [Crazy Yiuf/+4 quarterstaff of chaos (11)]
  4134 | D:4      | Slain by Crazy Yiuf

Illustrated notes

Levels and vault maps discovered:
D:1:      onia_arrival_mini_spirals, layout_loops_ring,
          chequers_serial_rivers_large_b, nrook_uturn, st_stairs_5
D:2:      layout_basic, basic_altar, nicolae_ecumenical_snake_handling
D:3:      minmay_angry_zag, layout_loops_ring,
          mainiacjoe_overflow_catch_the_wave, serial_shops, shop
D:4:      layout_gridville, dk_rats_in_the_wall, uniq_crazy_yiuf_cottage

Skill      XL: |  1  2  3  4  5  6  7 |
---------------+----------------------+-----
Dodging        | 2 |  2.9
Fighting       | 2 3 |  3.1
Unarmed Combat | 4 |  4.5
Spellcasting   | 3 4 |  4.3
Transmutations | 3 |  3.6
Stealth        | 1 2 |  2.0
Invocations    | 1 2 |  2.0

Action                   |  1- 3 |  4- 6 |  7- 9 || total
-------------------------+-------+-------+-------++-------
Melee: Unarmed           |   116 |   174 |    14 ||   304
       Tailslap          |    11 |    21 |     2 ||    34
       Headbutt          |     9 |    15 |     1 ||    25
       Kick              |     7 |    21 |     2 ||    30
       Punch             |     3 |     4 |       ||     7
 Cast: Beastly Appendage |     6 |    11 |     1 ||    18
       Wereblood         |       |     3 |       ||     3
  Use: Potion            |     1 |     1 |     1 ||     3
 Stab: Sleeping          |     1 |     9 |       ||    10
Armor: Skin              |    50 |    55 |       ||   105
Dodge: Dodged            |    95 |   131 |     6 ||   232
Block: Other             |       |     5 |       ||     5
